 Dungeon Crawl Stone Soup version 0.30-a0-719-gcc4359ea44 (webtiles) character file.

Game seed: 9128230281079149276

48 Dittersdorf the Shield-Bearer (level 3, 0/24 HPs)
             Began as a Gargoyle Fighter on Jan 26, 2023.
             Killed by divine providence
             ... invoked by an orc priest
              (12 damage)
             ... on level 3 of the Dungeon.
             The game lasted 00:01:32 (1378 turns).

Dittersdorf the Shield-Bearer (Gargoyle Fighter)    Turns: 1378, Time: 00:01:33

Health: 0/24       AC: 10    Str: 21    XL:     3   Next: 72%
Magic:  3/3        EV:  9    Int:  8    God:
Gold:   1029       SH:  4    Dex:  9    Spells: 2/2 levels left

rFire   . . .      SeeInvis .    a - +1 flail
rCold   . . .      Faith    .    c - +0 buckler
rNeg    + . .      Spirit   .    b - +0 scale mail
rPois   ∞          Reflect  .    (no helmet)
rElec   +          Harm     .    (no cloak)
rCorr   .          Rampage  .    (no gloves)
Will    .....                    (no boots) Stlth
                                 (no amulet)
HPRegen 0.24/turn                (no ring)
MPRegen 0.08/turn                (no ring)

@: no status effects
A: sickness immunity, AC +3, negative energy resistance 1, electricity
resistance, torment resistance 1, petrification resistance
a: no special abilities


You were on level 3 of the Dungeon.
You visited 1 branch of the dungeon, and saw 3 of its levels.

You collected 1029 gold pieces.

Inventory:

Hand Weapons
 a - a +1 flail (weapon)
Missiles
 k - 2 poisoned darts (quivered)
Armour
 b - a +0 scale mail (worn)
 c - a +0 buckler (worn)
Scrolls
 e - 3 scrolls of identify {unknown}
Potions
 d - 2 potions of might
 f - 3 potions of curing {unknown}
 j - a potion of brilliance {unknown}
 l - a potion of attraction {unknown}
 m - 3 potions of degeneration {unknown}
 n - a potion of heal wounds {unknown}


   Skills:
 + Level 3.7 Fighting
 + Level 2.5 Maces & Flails
 + Level 3.8 Armour
 + Level 3.8 Shields


You had 2 spell levels left.
You didn't know any spells.
Your spell library was empty.

Dungeon Overview and Level Annotations

Branches:
Dungeon (3/15)

Altars:
Uskayaw


Innate Abilities, Weirdness & Mutations

You are immune to sickness and miasma.
Your stone body is resilient. (AC +3)
You are immune to poison.
You resist negative energy. (rN+)
You are resistant to electric shocks. (rElec)
You are resistant to unholy torment.
You are immune to petrification.


Message History

An orc comes into view. It is wielding a +0 dagger.
The orc shouts!
You block the orc's attack.
You sock the orc!
You kill the orc!
No target in view!
This is a scroll of acquirement!
Something appears at your feet!
You now have 1029 gold pieces (gained 996).
Things that are here:
a +0 dagger; a +0 ring mail; an orc corpse You hear the slow rusting of a drain nearby.
An orc comes into view. It is wielding a +0 short sword.
The orc shouts!
You hear a shout! x2
An orc comes into view. It is wielding a +0 club.
An orc comes into view. It is wielding a +0 hand axe.
An orc priest comes into view. It is wielding a +0 trident.
The orc shouts!
The orc priest shouts!
The orc closely misses you.
You completely miss the orc.
An orc comes into view. It is wielding a +0 flail.
The orc priest looks encouraged for a moment.
The orc hits you with a +0 short sword.
You sock the orc!
You kill the orc!
The orc hits you but does no damage.
You closely miss the orc. You block the orc's attack.
You barely miss the orc. The orc barely misses you.
You sock the orc!
You kill the orc!
You barely miss the orc. The orc closely misses you.
The orc priest mumbles some strange prayers to Beogh against you.
Beogh smites you! You block the orc's attack.
You barely miss the orc. You block the orc's attack.
You sock the orc!
You kill the orc!
The orc priest mumbles some strange prayers to Beogh against you.
Beogh smites you!
Ouch! That really hurt!
You die...

... #.# #.# ... #o#
#o# #)# ######## #@#
#......# #.#
#.####.# ##.######
#.# #.# #.......#
#.####.####..####.#
#.#...........##
#####.#.##.###.....#
#..).....#.# ##...##
#.###.#..#.# ##.##


You could see an orc priest and an orc.

Vanquished Creatures
  A dart slug (D:2)
  4 orcs (D:3)
  4 endoplasms
  2 giant cockroaches
  5 hobgoblins
  3 quokkas (D:1)
  3 ball pythons (D:1)
  3 bats
  2 frilled lizards
  3 goblins
  6 kobolds
  4 rats
40 creatures vanquished.

Notes
Turn   | Place    | Note
-------+----------+-------------------------------------------
     0 | D:1      | Dittersdorf the Gargoyle Fighter began the quest for the
                  | Orb.
     0 | D:1      | Reached XP level 1. HP: 14/14 MP: 1/1
   152 | D:1      | Reached XP level 2. HP: 9/19 MP: 2/2
   583 | D:1      | Reached XP level 3. HP: 23/23 MP: 3/3
   709 | D:2      | Found a hide-covered altar of Uskayaw.
  1340 | D:3      | Identified a scroll of acquirement
  1340 | D:3      | Acquired 996 gold pieces
  1378 | D:3      | Killed from afar by an orc priest

Illustrated notes

Levels and vault maps discovered:
D:1:      scummos_arrival_hexagon, layout_loops_ring
D:2:      layout_basic, basic_altar, dk_vineyard_1
D:3:      layout_loops_corners, nicolae_overflow_hidden_temple,
          worldfamousw_hep_ancestral_shrine, hangedman_ru_absence,
          gup_sewer_entry_bowl

Action                     || total
---------------------------++-------
  Melee: Flail             ||   102
    Use: Scroll            ||     3
 Armour: Scale mail        ||    52
  Dodge: Dodged            ||    46
  Block: Buckler           ||    26

Table legend: (Time is in decaauts)
 A = Elapsed time spent in this place.
 B = Non-inter-level travel time spent in this place.
 C = Inter-level travel time spent in this place.
 D = Time resting spent in this place.
 E = Time spent auto-exploring this place.
 F = Levels seen in this place.
 G = Mean time per level.
                   A        B        C        D        E       F      G
               +--------+--------+--------+--------+--------+-----+--------+
         Total |   1410 |   1342 |     68 |     38 |   1028 |   3 |  470.0 |
       Dungeon |   1410 |   1342 |     68 |     38 |   1028 |   3 |  470.0 |
               +--------+--------+--------+--------+--------+-----+--------+

Top non-repeatable levels by time:
     D:1: 732 daAuts
     D:2: 595 daAuts
     D:3: 82 daAuts
